 Dungeon Crawl Stone Soup version 0.31-a0-716-gc7603755dd (webtiles) character file.

Game seed: 6907191223812107342

317 randomguy2701 the Chopper (level 6, -6/53 HPs)
             Began as a Hill Orc Fighter on Sept 10, 2023.
             Was an Initiate of Beogh.
             Mangled by an ogre
             ... wielding a +0 giant club
              (25 damage)
             ... on level 4 of the Dungeon.
             The game lasted 00:03:06 (2780 turns).

randomguy2701 the Chopper (Hill Orc Fighter)        Turns: 2780, Time: 00:03:06

Health: -6/53      AC: 13    Str: 19    XL:     6   Next: 44%
Magic:  6/6        EV:  5    Int:  8    God:    Beogh [......]
Gold:   135        SH:  4    Dex: 12    Spells: 5/5 levels left

rFire   . . .        a - +0 war axe
rCold   . . .        c - +0 buckler
rNeg    . . .        r - +0 plate armour
rPois   .            (no helmet)
rElec   .            (no cloak)
rCorr   +            b - +0 pair of gloves
SInv    .            (no boots)
Will    .....        (no amulet) Stlth
                     o - ring of resist corrosion
HPRegen 0.28/turn    (no ring)
MPRegen 0.10/turn

%: no passive effects
@: mighty
A: no striking features
a: Renounce Religion


You were on level 4 of the Dungeon.
You worshipped Beogh.
Beogh was noncommittal.
You visited 1 branch of the dungeon, and saw 4 of its levels.

You collected 135 gold pieces.

Inventory:

Hand Weapons
 a - a +0 war axe (weapon)
Armour
 b - a +0 pair of gloves (worn)
 c - a +0 buckler (worn)
 r - a +0 plate armour (worn)
Jewellery
 o - a ring of resist corrosion (left hand)
Wands
 n - a wand of roots (9)
Scrolls
 e - 2 scrolls of noise {unknown}
 f - a scroll of teleportation {unknown}
 g - a scroll of amnesia {unknown}
 h - 4 scrolls of identify {unknown}
 j - a scroll of vulnerability {unknown}
 k - a scroll of revelation {unknown}
 m - a scroll of brand weapon {unknown}
 p - a scroll of enchant armour {unknown}
 q - a scroll of butterflies {unknown}
 t - a scroll of blinking {unknown}
Potions
 d - 2 potions of might
 i - 3 potions of degeneration {unknown}
 l - 2 potions of mutation {unknown}
 s - a potion of attraction {unknown}
 u - a potion of brilliance {unknown}


   Skills:
 + Level 4.7 Fighting
 + Level 5.5 Axes
 + Level 5.4 Armour
 + Level 0.4 Dodging
 + Level 3.8 Shields


You had 5 spell levels left.
You didn't know any spells.
Your spell library contained the following spells:

 Spells                   Type           Power      Damage    Failure   Level
 Summon Small Mammal      Summ           0%         N/A       100%        1
 Call Canine Familiar     Summ           0%         N/A       100%        3
 Summon Guardian Golem    Hex/Summ       0%         N/A       100%        3
 Tukima's Dance           Hex            0%         N/A       100%        3
 Passage of Golubria      Tloc           0%         N/A       100%        4
 Yara's Violent Unravell  Hex/Tmut       0%         3d3       100%        5


Dungeon Overview and Level Annotations

Branches:
Dungeon (4/15)
 Temple: D:4-7

Altars:
Ashenzari
Okawaru


Message History

You hit the iguana.
The iguana is lightly wounded.
The ball python bites you but does no damage.
The ball python grabs you. The ball python constricts you.
The iguana bites you but does no damage.
Unknown command.
You slash the iguana!
The iguana is almost dead.
You slash the ball python!
You kill the ball python!
Beogh accepts your kill.
The iguana bites you but does no damage.
Unknown command.
You barely miss the iguana.
The iguana is almost dead.
The iguana bites you but does no damage.
Unknown command.
You closely miss the iguana.
The iguana is almost dead.
You block the iguana's attack.
You closely miss the iguana.
The iguana is almost dead.
You slash the ogre! You block the iguana's attack. The ogre barely misses you.
The iguana barely misses you.
A kobold comes into view. It is wielding a +0 sling.
Unknown command.
You barely miss the iguana.
The iguana is almost dead.
You barely miss the ogre. The ogre hits you with a +0 giant club.
The iguana bites you but does no damage.
Unknown command.
You slash the iguana!
You kill the iguana!
Beogh accepts your kill.
You hit the ogre but do no damage. The ogre hits you with a +0 giant club!
The hound bites you.
Unknown command.
The ogre attacks as it pursues you!
The ogre hits you with a +0 giant club!!
You die...

.###.######......#
..............#..##
.#.####.###.#......
#.####.# #........
#.#....# #......##
#####.#.##.#
####.### .
#..$..#.##.# #.#
....###......# #.#
#.....@O..###
###.###
#.#####h...#
#.....# #K#.##
#..<..# #...#
#.....# #...#
#.....# .##..
#.....# # ...
####### ##.. ...


You could see an ogre, a hound and a kobold.

Vanquished Creatures
  An ogre (D:4)
  A bullfrog skeleton (D:4)
  Terence (D:3)
  An iguana (D:4)
  3 gnolls (D:4)
  5 adders
  An adder skeleton (D:4)
  3 worms (D:3)
  2 dart slugs (D:1)
  4 orcs (D:3)
  9 ball pythons
  4 endoplasms
  14 goblins
  3 hobgoblins
  2 jackals (D:3)
  4 kobolds
  2 quokkas (D:1)
  5 bats
  2 quokka zombies (D:4)
  3 rats (D:1)
70 creatures vanquished.

Vanquished Creatures (others)
  A goblin (D:3)
1 creature vanquished.

Grand Total: 71 creatures vanquished

Notes
Turn   | Place    | Note
-------+----------+-------------------------------------------
     0 | D:1      | randomguy2701 the Hill Orc Fighter began the quest for the
                  | Orb.
     0 | D:1      | Reached XP level 1. HP: 19/19 MP: 1/1
    26 | D:1      | Reached XP level 2. HP: 16/27 MP: 2/2
   304 | D:1      | Reached XP level 3. HP: 31/33 MP: 3/3
  1004 | D:2      | Reached XP level 4. HP: 38/40 MP: 4/4
  1203 | D:2      | You fall into a shaft and drop 2 floors!
  1384 | D:4      | Reached XP level 5. HP: 43/46 MP: 5/5
  1496 | D:3      | Noticed Terence
  1497 | D:3      | Found a broken altar of Ashenzari.
  1503 | D:3      | Killed Terence
  1829 | D:2      | Reached skill level 5 in Armour
  2403 | D:3      | Reached skill level 5 in Axes
  2415 | D:3      | Became a worshipper of Beogh the Brigand
  2626 | D:3      | Found an iron altar of Okawaru.
  2763 | D:4      | Noticed an ogre
  2771 | D:4      | Killed an ogre
  2772 | D:4      | Reached XP level 6. HP: 37/53 MP: 6/6
  2780 | D:4      | Mangled by an ogre

Illustrated notes

Levels and vault maps discovered:
D:1:      saegor_arrival_simple_b, layout_rooms, minivault_25
D:2:      layout_basic, minmay_tiny_reverse_x
D:3:      layout_basic, ashenzari_altar_1, lemuel_tele_altar, uniq_terence
D:4:      layout_loops_cross, lemuel_round_altar, serial_undead,
          serial_undead_b, serial_undead_e, serial_undead_c, serial_undead_d,
          minmay_vboxes, uniq_crazy_yiuf_cottage

Skill      XL: |  1  2  3  4  5 |
---------------+----------------+-----
Axes           | 3 4 5 |  5.5
Fighting       | 4 |  4.7
Armour         | 4 5 |  5.4
Dodging        | |  0.4
Shields        | |  3.8

Action                     |  1- 3 |  4- 6 || total
---------------------------+-------+-------++-------
  Melee: War axe           |    86 |   129 ||   215
 Invoke: Convert to Beogh  |       |     1 ||     1
    Use: Potion            |       |     1 ||     1
 Armour: Scale mail        |    53 |    54 ||   107
         Plate armour      |       |    41 ||    41
  Dodge: Dodged            |    37 |    49 ||    86
  Block: Buckler           |    26 |    24 ||    50

Table legend: (Time is in decaauts)
 A = Elapsed time spent in this place.
 B = Non-inter-level travel time spent in this place.
 C = Inter-level travel time spent in this place.
 D = Time resting spent in this place.
 E = Time spent auto-exploring this place.
 F = Levels seen in this place.
 G = Mean time per level.
                   A        B        C        D        E       F      G
               +--------+--------+--------+--------+--------+-----+--------+
         Total |   2850 |   2663 |    187 |      0 |   2142 |   4 |  712.5 |
       Dungeon |   2850 |   2663 |    187 |      0 |   2142 |   4 |  712.5 |
               +--------+--------+--------+--------+--------+-----+--------+

Top non-repeatable levels by time:
     D:3: 958 daAuts
     D:2: 953 daAuts
     D:1: 673 daAuts
     D:4: 265 daAuts
